 Dungeon Crawl Stone Soup version 0.21.1-1-g345015f (webtiles) character file.

58 Monsterracer the Caller (level 3, -2/28 HPs)
             Began as a Draconian Summoner on Feb 6, 2018.
             Slain by a goblin (3 damage)
             ... led by Robin
             ... on level 2 of the Dungeon.
             The game lasted 00:02:14 (1786 turns).

Monsterracer the Caller (Draconian Summoner)        Turns: 1786, Time: 00:02:15

Health: -2/28      AC:  5    Str: 10    XL:     3   Next: 75%
Magic:  6/6        EV: 14    Int: 16    God:
Gold:   79         SH:  0    Dex: 11    Spells: 5/6 levels left

rFire    . . .     SeeInvis .   d - +0 hand axe
rCold    . . .     Gourm    .   (no shield)
rNeg     . . .     Faith    .   (armour unavailable)
rPois    .         Spirit   .   (helmet restricted)
rElec    .         Reflect  .   (no cloak)
rCorr    .         Harm     .   (no gloves)
MR       .....                  (no boots)
Stlth    ++........             (no amulet)
HPRegen  0.09/turn              k - +2 ring of evasion
MPRegen  0.10/turn              (no ring)

@: no status effects
A: unfitting armour, cold-blooded, AC +5
a: no special abilities


You were on level 2 of the Dungeon.
You were not hungry.

You visited 1 branch of the dungeon, and saw 2 of its levels.

You collected 79 gold pieces.

Inventory:

Hand Weapons
 d - a +0 hand axe (weapon)
Jewellery
 i - an uncursed ring of fire
 k - a +2 ring of evasion (left hand)
Scrolls
 b - a scroll of blinking {unknown}
 f - 2 scrolls of enchant armour {unknown}
 g - 2 scrolls of teleportation {unknown}
 h - a scroll of remove curse {unknown}
 j - a scroll of random uselessness {unknown}
Potions
 e - 3 potions of brilliance {unknown}
Books
 a - a book of Callings

   Spells                             Type                      Level
   a - Summon Small Mammal            Summoning                    1
   b - Call Imp                       Summoning                    2
   c - Call Canine Familiar           Summoning                    3
   d - Summon Guardian Golem          Hexes/Summoning              3
   e - Summon Lightning Spire         Summoning/Air                4
   f - Summon Ice Beast               Ice/Summoning                4
Comestibles
 c - a ration


   Skills:
 + Level 1.1 Fighting
 * Level 2.8 Axes
 + Level 2.2 Dodging
 - Level 1.7 Stealth
 - Level 2.0 Spellcasting
 - Level 4.0 Summonings


You had 5 spell levels left.
You knew the following spells:

 Your Spells              Type           Power        Failure   Level  Hunger
a - Summon Small Mammal   Summ           ##..         4%          1    #......


Dungeon Overview and Level Annotations

Branches:
Dungeon (2/15)

Altars:


Innate Abilities, Weirdness & Mutations

Your plain brown scales are hard. (AC +5)
You cannot fit into any form of body armour.
You are cold-blooded and may be slowed by cold attacks.


Message History

Robin throws the goblin at you! The goblin hits you but does no damage.
The goblin hits you. The goblin barely misses you.
You take 4 damage, and have 19/27 hp.
You closely miss the goblin. You hit Robin but do no damage.
You barely miss the goblin. x2; Robin hits you with a dagger.
The goblin closely misses you. The goblin hits you.
* * * LOW HITPOINT WARNING * * *
The goblin hits you.
* * * LOW HITPOINT WARNING * * *
You take 7 damage, and have 12/27 hp.
MASSIVE DAMAGE!!
You hit the goblin.
You kill the goblin!
You hit the goblin but do no damage. You hit the goblin.
You hit Robin but do no damage. Robin hits you but does no damage.
The goblin barely misses you. The goblin misses you.
You hit Robin.
Robin is severely wounded.
You hit the goblin.
You kill the goblin!
You closely miss the goblin. Robin throws the goblin at you!
The goblin hits you but does no damage. x2; Robin misses you.
You barely miss Robin.
Robin is severely wounded.
You hit the goblin. You completely miss the goblin. The goblin hits you.
* * * LOW HITPOINT WARNING * * *
The goblin hits you but does no damage. Robin barely misses you.
You take 1 damage, and have 11/27 hp.
You closely miss the goblin.
The goblin is moderately wounded.
You barely miss the goblin. You hit Robin but do no damage.
The goblin no longer looks unusually strong.
The goblin hits you.
* * * LOW HITPOINT WARNING * * *
The goblin completely misses you. Robin hits you with a dagger.
* * * LOW HITPOINT WARNING * * *
The goblin hits you but does no damage.
You take 5 damage, and have 6/27 hp.
The goblin no longer looks unusually strong.
The goblin hits you.
* * * LOW HITPOINT WARNING * * *
You take 2 damage, and have 4/27 hp.
Things that are here:
a club; a goblin corpse x2
You hit the goblin but do no damage.
The goblin is moderately wounded.
The goblin hits you but does no damage.
You closely miss the goblin.
Your tail-slap misses the goblin.
The goblin hits you with a club.
* * * LOW HITPOINT WARNING * * *
Robin roars a battlecry!
The goblins go into a battle-frenzy!
The goblin misses you. The goblin barely misses you.
You see here a stone.
You see here a stone.
You closely miss the goblin. You barely miss the goblin.
The goblin barely misses you.
You barely miss the goblin.
Your tail-slap misses the goblin.
The goblin no longer looks unusually strong.
You hit the goblin.
The goblin is heavily wounded.
Robin roars a battlecry!
The goblin goes into a battle-frenzy!
You closely miss the goblin.
The goblin is heavily wounded.
The goblin hits you.
* * * LOW HITPOINT WARNING * * *
You take 1 damage, and have 4/27 hp.
The goblin misses you.
You see here a hunting sling.
You hit the goblin.
You kill the goblin!
Your Fighting skill increases to level 1!
Robin closely misses you.
You hit Robin.
You kill Robin!
The goblin no longer looks unusually strong.
You barely miss the goblin.
The goblin is moderately wounded.
The goblin hits you.
* * * LOW HITPOINT WARNING * * *
You take 1 damage, and have 4/28 hp.
You hit the goblin but do no damage.
The goblin is moderately wounded.
The goblin completely misses you.
You closely miss the goblin.
The goblin is moderately wounded.
The goblin hits you but does no damage.
You closely miss the goblin.
The goblin is moderately wounded.
The goblin completely misses you.
You barely miss the goblin.
The goblin is moderately wounded.
The goblin misses you.
You closely miss the goblin.
The goblin is moderately wounded.
The goblin hits you.
* * * LOW HITPOINT WARNING * * *
The goblin hits you.
You die...

#.....(....#.#
#........###.#
##((g....# .#
#(#######
#..># #.#.#
#...# ##g##
#@# #.######
#......# ###
#....<.##...#
#.........#
##......#...#
#......# .##
######.# .#


You could see a goblin.

Vanquished Creatures
  Robin (D:2)
  2 dart slugs (D:1)
  2 leopard geckos (D:1)
  A ball python (D:2)
  2 bats
  A giant cockroach (D:1)
  11 goblins
  4 hobgoblins (D:1)
  2 frilled lizards (D:1)
  6 kobolds
  5 rats
37 creatures vanquished.

Vanquished Creatures (collateral kills)
  A goblin (D:1)
  2 kobolds (D:1)
  A rat (D:1)
4 creatures vanquished.

Grand Total: 41 creatures vanquished

Notes
Turn   | Place    | Note
-------+----------+-------------------------------------------
     0 | D:1      | Monsterracer the Draconian Summoner began the quest for the Orb.
     0 | D:1      | Reached XP level 1. HP: 14/14 MP: 3/3
   188 | D:1      | Reached skill level 1 in Axes
   263 | D:1      | HP: 3/14 [kobold/dagger of electrocution (5)]
   271 | D:1      | HP: 1/14 [goblin/dagger (1)]
   279 | D:1      | HP: 1/14 [rat (1)]
   294 | D:1      | Reached XP level 2. HP: 2/20 MP: 0/5
   971 | D:1      | HP: 9/20 [kobold/club (3)]
   982 | D:1      | HP: 6/22 [hobgoblin (3)]
   984 | D:1      | Reached XP level 3. HP: 6/27 MP: 6/6
  1742 | D:2      | Noticed Robin
  1751 | D:2      | HP: 13/27 [goblin[Robin] (4)]
  1755 | D:2      | HP: 6/27 [Robin/dagger (4)]
  1761 | D:2      | HP: 4/27 [goblin/club[Robin] (1)]
  1776 | D:2      | HP: 4/27 [goblin[Robin] (1)]
  1779 | D:2      | Reached skill level 1 in Fighting
  1780 | D:2      | Killed Robin
  1781 | D:2      | HP: 4/28 [goblin[Robin] (1)]
  1786 | D:2      | HP: 1/28 [goblin[Robin] (3)]
  1786 | D:2      | Slain by a goblin

Skill      XL: |  1  2  3 |
---------------+----------+-----
Axes           | 1 2 |  2.8
Dodging        | 2 |  2.2
Fighting       | 1 |  1.1
Stealth        | |  1.7
Spellcasting   | |  2.0
Summonings     | |  4.0

Action                   || total
-------------------------++-------
Melee: Hand axe          ||   107
       Tailslap          ||    10
 Cast: Summon Small Mamm ||     4
 Stab: Sleeping          ||     3
  Eat: Ration            ||     1
Armor: Skin              ||    32
Dodge: Dodged            ||    88

Vault maps used:
D:1:      lemuel_arrival_lava_pool, st_stairs_12
D:2:      uniq_crazy_yiuf_cottage, uniq_robin
